 Dungeon Crawl Stone Soup version 0.30-a0-800-g7c544603b3 (webtiles) character file.

Game seed: 5549097675244625743

169 Aneyh the Poker (level 5, -3/28 HPs)
             Began as a Tengu Monk on Feb 22, 2023.
             Was a Believer of Hepliaklqana.
             Killed by nerve-wracking pain
             ... invoked by an orc priest
              (14 damage)
             ... on level 4 of the Dungeon.
             The game lasted 00:04:58 (3211 turns).

Aneyh the Poker (Tengu Monk)                        Turns: 3211, Time: 00:04:58

Health: -3/28      AC:  9    Str: 13    XL:     5   Next: 50%
Magic:  15/15      EV: 16    Int: 10    God:    Hepliaklqana [**....]
Gold:   117        SH:  0    Dex: 17    Spells: 4/4 levels left

rFire   . . .      SeeInvis .    b - +1 mace (protect)
rCold   . . .      Faith    .    (no shield)
rNeg    . . .      Spirit   .    o - +0 robe
rPois   .          Reflect  .    (helmet restricted)
rElec   .          Harm     .    (no cloak)
rCorr   .          Rampage  .    (no gloves)
Will    .....                    (boots unavailable)
Stlth   ++                       (no amulet)
HPRegen 0.24/turn                p - ring of magical power
MPRegen 0.14/turn                (no ring)

@: lethally poisoned (-3 -> -8), under a protective aura, flying quickly and
evasively, quick
A: reduced essence, beak, talons 3, nimble flight
a: Renounce Religion, Recall Ancestor, Ancestor Identity


You were on level 4 of the Dungeon.
You worshipped Hepliaklqana.
Hepliaklqana was pleased with you.
You visited 1 branch of the dungeon, and saw 4 of its levels.

You collected 117 gold pieces.

Inventory:

Hand Weapons
 a - a +0 spear
 b - a +1 mace of protection (weapon)
 s - a +0 flail of protection
 t - a +0 trident
 w - a +0 sling
Armour
 f - a +0 leather armour
 o - a +0 robe (worn)
Jewellery
 i - an amulet of faith
 p - a ring of magical power (left hand)
 r - a +4 ring of protection
Scrolls
 g - a scroll of identify {unknown}
 k - a scroll of amnesia {unknown}
 n - a scroll of teleportation {unknown}
 q - a scroll of blinking {unknown}
 v - 2 scrolls of immolation {unknown}
Potions
 c - a potion of ambrosia
 d - 2 potions of flight {unknown}
 e - 3 potions of degeneration {unknown}
 h - a potion of cancellation {unknown}
 j - 2 potions of might {unknown}
 l - a potion of invisibility {unknown}
 m - 3 potions of curing {unknown}
 u - a potion of attraction {unknown}


   Skills:
 - Level 3.0 Fighting
 + Level 6.6 Polearms
 - Level 3.2 Dodging
 - Level 2.0 Stealth


You had 4 spell levels left.
You didn't know any spells.
Your spell library contained the following spells:

 Spells                   Type           Power      Damage    Failure   Level
 Ensorcelled Hibernation  Hex/Ice        0%         N/A       50%         2
 Passwall                 Tmut/Erth      0%         N/A       50%         2
 Spider Form              Tmut/Pois      0%         N/A       75%         3
 Swiftness                Air            0%         N/A       75%         3
 Anguish                  Hex/Necr       0%         N/A       98%         4


Dungeon Overview and Level Annotations

Branches:
Dungeon (4/15)
 Temple: D:4-7

Altars:
Hepliaklqana

Shops:
D:4 *


Innate Abilities, Weirdness & Mutations

Your life essence is reduced to manifest your ancestor. (-10% HP)
You have a beak for a mouth.
You have claws for feet.
Your magical nature lets you fly swiftly and evasively.


Message History

You closely miss the quokka. Your kick misses the quokka.
The quokka is severely wounded.
The quokka misses you. The quokka closely misses you.
Nhalahla hits the quokka with a +0 flail!
The quokka dies!
You reach down and open the door.
A kobold and an orc priest come into view.
The kobold is wielding a +0 dagger and quivering poisoned darts.
The kobold shouts! 2 orcs come into view.
There is an open door here.
The kobold throws a poisoned dart.
The poisoned dart hits you!
You are poisoned.
You feel very sick.
The kobold throws a poisoned dart.
The poisoned dart hits you!
You are more poisoned.
You feel very sick. The orc priest closely misses you. The kobold misses you.
You hit the orc priest.
Your weapon exudes an aura of protection.
The orc priest is lightly wounded.
You feel very sick. The orc misses you. The kobold misses you.
Nhalahla barely misses the orc.
The orc priest calls down the wrath of Beogh upon you.
You barely resist. You closely miss the orc priest. You claw the orc priest.
The orc priest is heavily wounded.
You feel very sick.
Nhalahla blocks the orc's attack.
Nhalahla hits the orc with a +0 flail.
The orc hits you with a +0 whip.
The orc priest hits you but does no damage.
The kobold hits you but does no damage.
You hit the orc priest. Your kick misses the orc priest.
You peck the orc priest, but do no damage.
The orc priest is severely wounded.
You feel very sick.
The orc priest mumbles some strange prayers to Beogh against you.
Pain shoots through your body!
Ouch! That really hurt!
You die...

##.####......#####.#..
#......#####'###
###......##.......
#........##.....##
#.#####.###.....##
#'#...#+# #.....#.
###.......# ###.###.
#...R...... #+ #.
##.@oo..... #.
+.oK...... #.
##.......# #.
#.......# #. ####+####
+.


You could see the friendly Nhalahla the knight, an orc priest, 2 orcs and a
kobold (ally target).

Vanquished Creatures
  A jelly (D:4)
  4 gnolls (D:3)
  An adder (D:3)
  A dart slug (D:1)
  9 orcs
  7 bats
  3 endoplasms
  5 giant cockroaches
  5 goblins
  8 hobgoblins
  6 jackals
  9 kobolds
  2 quokkas
  5 ball pythons
  4 frilled lizards
  6 rats
76 creatures vanquished.

Vanquished Creatures (collateral kills)
  A quokka (D:4)
1 creature vanquished.

Vanquished Creatures (others)
  3 plants (D:4)
3 creatures vanquished.

Grand Total: 80 creatures vanquished

Notes
Turn   | Place    | Note
-------+----------+-------------------------------------------
     0 | D:1      | Aneyh the Tengu Monk began the quest for the Orb.
     0 | D:1      | Reached XP level 1. HP: 14/14 MP: 2/2
   115 | D:1      | Reached XP level 2. HP: 19/19 MP: 3/3
   133 | D:1      | Reached skill level 4 in Polearms
   394 | D:1      | Reached XP level 3. HP: 8/23 MP: 4/4
  1085 | D:2      | Reached skill level 5 in Polearms
  1821 | D:3      | Reached XP level 4. HP: 26/28 MP: 5/5
  2210 | D:3      | Reached skill level 6 in Polearms
  2316 | D:3      | Gained mutation: Your magical nature lets you fly swiftly
                  | and evasively. [Tengu growth]
  2316 | D:3      | Reached XP level 5. HP: 16/32 MP: 6/6
  2727 | D:4      | Found Gevieb's Goods Gallery.
  2819 | D:4      | Found a faded altar of an unknown god.
  2819 | D:4      | Found a faded altar of an unknown god.
  3100 | D:4      | Found a hazy altar of Hepliaklqana.
  3161 | D:4      | Became a worshipper of Hepliaklqana the Forgotten
  3161 | D:4      | Reached * piety under Hepliaklqana
  3161 | D:4      | Reached ** piety under Hepliaklqana
  3162 | D:4      | Remembered your ancestor Nhalahla as a knight
  3211 | D:4      | Killed from afar by an orc priest

Illustrated notes

Levels and vault maps discovered:
D:1:      lightli_arrival_quake, layout_basic, minmay_stone_trees_medium,
          minmay_misc_feat_diagonals
D:2:      layout_loops_ring
D:3:      layout_basic, dk_noncrumbling_4
D:4:      nicolae_cairo_tiling_very_big, layout_basic,
          mainiacjoe_overflow_boulevard,
          nicolae_gozag_cash_rules_everything_around_me,
          nicolae_hepliaklqana_ecumenical_no_more, corexii_leaking_fountain,
          kennysheep_nub, nicolae_alphabet_shops, uniq_pikel

Skill      XL: |  1  2  3  4 |
---------------+-------------+-----
Polearms       | 4 5 6 |  6.6
Fighting       | |  3.0
Dodging        | |  3.2
Stealth        | |  2.0

Action                     |  1- 3 |  4- 6 || total
---------------------------+-------+-------++-------
  Melee: Spear             |    96 |   107 ||   203
         Kick              |    19 |    37 ||    56
         Peck              |    11 |    30 ||    41
         Punch             |     2 |       ||     2
         Flail             |       |     5 ||     5
         Mace              |       |     6 ||     6
   Fire: Sling             |    19 |     3 ||    22
 Invoke: Ancestor Life: Kn |       |     1 ||     1
    Use: Potion            |       |     1 ||     1
   Stab: Sleeping          |     9 |     3 ||    12
 Armour: Robe              |    22 |     8 ||    30
  Dodge: Dodged            |    47 |    59 ||   106

Table legend: (Time is in decaauts)
 A = Elapsed time spent in this place.
 B = Non-inter-level travel time spent in this place.
 C = Inter-level travel time spent in this place.
 D = Time resting spent in this place.
 E = Time spent auto-exploring this place.
 F = Levels seen in this place.
 G = Mean time per level.
                   A        B        C        D        E       F      G
               +--------+--------+--------+--------+--------+-----+--------+
         Total |   3136 |   3048 |     88 |    430 |   2058 |   4 |  784.0 |
       Dungeon |   3136 |   3048 |     88 |    430 |   2058 |   4 |  784.0 |
               +--------+--------+--------+--------+--------+-----+--------+

Top non-repeatable levels by time:
     D:3: 1059 daAuts
     D:1: 844 daAuts
     D:2: 774 daAuts
     D:4: 457 daAuts
